 Dungeon Crawl Stone Soup version bcrawl-1.20.1-3-gdcb1fc31ed (webtiles) character file.

Game seed: 14530735476182945487

385 Freyura the Twirler (level 6, -1/49 HPs)
             Began as a Demonspawn Gladiator on Feb 4, 2020.
             Slain by a worker ant (3 damage)
             ... on level 4 of the Dungeon.
             The game lasted 00:06:30 (3771 turns).

Freyura the Twirler (Demonspawn Gladiator)          Turns: 3771, Time: 00:06:31

Health: -1/49      AC: 11    Str: 17    XL:     6   Next: 48%
Magic:  0/6        EV: 11    Int: 11    God:
Gold:   184        SH:  0    Dex: 17    Spells: 5/5 levels left

rFire    . . .     SeeInvis .   a - +0 quarterstaff
rCold    . . .     Gourm    +   (shield currently unavailable)
rNeg     . . .     Faith    .   q - +0 scale mail
rPois    .         Spirit   +   c - +0 helmet
rElec    .         Reflect  .   (no cloak)
rCorr    .         Harm     .   f - +1 pair of gloves
MR       .....                  (no boots)
Stlth    ..........             n - amulet of the gourmand
HPRegen  0.16/turn              j - +2 ring of intelligence
MPRegen  0.10/turn              m - +3 ring of strength

@: lethally poisoned (-1 -> -4)
A: rugged brown scales 2, magic shield
a: no special abilities


You were on level 4 of the Dungeon.
You were not hungry.

You visited 1 branch of the dungeon, and saw 4 of its levels.

You collected 184 gold pieces.

Inventory:

Hand Weapons
 a - a +0 quarterstaff (weapon)
Missiles
 d - 3 throwing nets (quivered) {!f}
Armour
 c - a +0 helmet (worn)
 f - a +1 pair of gloves (worn)
 h - the +1 helmet of Past Mistakes {rF++ rN+}
   (You took it off Robin on level 3 of the Dungeon)

   It greatly protects you from fire.
   It protects you from negative energy.
 q - a +0 scale mail (worn)
 t - a +0 chain mail
Jewellery
 j - a +2 ring of intelligence (left hand)
 m - a +3 ring of strength (right hand)
 n - an amulet of the gourmand (around neck)
Scrolls
 g - a scroll of enchant weapon {unknown}
 l - 3 scrolls of remove curse
 r - a scroll of blinking
Potions
 b - a potion of ambrosia
 o - 3 potions of brilliance
 u - a potion of berserk rage {unknown}
 v - a potion of lignification {unknown}
Comestibles
 e - 2 rations {!d}


   Skills:
 + Level 3.5 Fighting
 * Level 4.7 Staves
 - Level 1.7 Throwing
 + Level 2.4 Armour
 + Level 3.7 Dodging


You had 5 spell levels left.
You didn't know any spells.
Your spell library was empty.

Dungeon Overview and Level Annotations

Branches:
Dungeon (4/12)
 Temple: D:4-7

Altars:


Innate Abilities, Weirdness & Mutations

You are mostly covered in rugged brown scales. (AC +2, +5% HP)
When hurt, damage is shared between your health and your magic reserves.


Message History

* * * LOW HITPOINT WARNING * * *
You are poisoned.
The adder poisons you! The worm bites you.
* * * LOW HITPOINT WARNING * * *
The adder bites you but does no damage.
You thump the adder!
The adder is almost dead.
You feel sick.
The worker ant bites you but does no damage.
The adder bites you but does no damage. The worm bites you.
* * * LOW HITPOINT WARNING * * *
You thump the adder!
You kill the adder!
The worker ant bites you but does no damage.
The worker ant barely misses you.
You hit the worker ant.
The worker ant is moderately wounded.
* * * LOW HITPOINT WARNING * * *
You feel sick. The worm bites you but does no damage. The worker ant bites you.
You die...

##...$..# .#
........#####...#.
.. #...#....... ..
#........... .##..
##...##.#?.# .$#..
#....###..!#
.....##.....#...##
...........aw....#
...........@..!..#
.................#
.................#
................##
.!.....<).....#?.#
.............##.##
.................
##......##..##.# #
####...##..# ##


You could see a worm and a worker ant.

Vanquished Creatures
  A scorpion (D:4)
  A crimson imp (D:3)
  A hound (D:4)
  2 orc wizards (D:3)
  Terence (D:3)
  Natasha (twice) (D:4)
  2 worker ants (D:4)
  Robin (D:3)
  3 adders
  A worm (D:1)
  A dart slug (D:1)
  2 leopard geckos
  7 orcs
  4 giant cockroaches
  4 goblins
  7 hobgoblins
  2 jackals (D:3)
  A quokka (D:3)
  2 bats
  3 frilled lizards
  4 kobolds
  6 rats
58 creatures vanquished.

Notes
Turn   | Place    | Note
-------+----------+-------------------------------------------
     0 | D:1      | Freyura the Demonspawn Gladiator began the quest for the
                  | Orb.
     0 | D:1      | Reached XP level 1. HP: 16/16 MP: 1/1
   299 | D:1      | Gained mutation: You are partially covered in rugged brown
                  | scales. (AC +1, +3% HP) [demonic ancestry]
   299 | D:1      | Reached XP level 2. HP: 15/22 MP: 2/2
   429 | D:1      | Reached skill level 3 in Staves
  1448 | D:2      | Reached XP level 3. HP: 28/28 MP: 3/3
  2252 | D:3      | Noticed Terence
  2263 | D:3      | Killed Terence
  2263 | D:3      | Reached skill level 1 in Armour
  2338 | D:3      | Identified the +1 helmet of Past Mistakes {rF++ rN+}
  2338 | D:3      | Noticed Robin
  2348 | D:3      | Killed Robin
  2348 | D:3      | Gained mutation: You are mostly covered in rugged brown
                  | scales. (AC +2, +5% HP) [demonic ancestry]
  2348 | D:3      | Reached XP level 4. HP: 28/35 MP: 4/4
  2923 | D:3      | Gained mutation: When hurt, damage is shared between your
                  | health and your magic reserves. [demonic ancestry]
  2923 | D:3      | Reached XP level 5. HP: 12/42 MP: 5/5
  2925 | D:3      | Reached skill level 4 in Staves
  3369 | D:3      | Reached XP level 6. HP: 24/49 MP: 6/6
  3515 | D:4      | Noticed Natasha
  3524 | D:4      | Killed Natasha
  3740 | D:4      | Noticed Natasha
  3766 | D:4      | Killed Natasha
  3769 | D:4      | HP: 2/49 [worm (3)]
  3771 | D:4      | Slain by a worker ant

Skill      XL: |  1  2  3  4  5 |
---------------+----------------+-----
Staves         | 3 4 |  4.7
Armour         | 1 2 |  2.4
Dodging        | 3 |  3.7
Fighting       | 3 |  3.5
Throwing       | |  1.7

Action                   |  1- 3 |  4- 6 || total
-------------------------+-------+-------++-------
Melee: Quarterstaff      |    99 |   139 ||   238
  Use: Scroll            |     4 |     6 ||    10
       Potion            |       |     1 ||     1
  Eat: Chunk             |     2 |     4 ||     6
       Ration            |     1 |       ||     1
Armor: Leather armour    |    16 |       ||    16
       Scale mail        |    19 |    85 ||   104
       Ring mail         |     2 |       ||     2
Dodge: Dodged            |    52 |   103 ||   155
